 Dungeon Crawl Stone Soup version 0.31.0-11-ge490571c62 (webtiles) character file.

Game seed: 293943340896733285

9 Gadfly the Trooper (level 2, 14/24 HPs)
             Began as a Demonspawn Monk on Feb 3, 2024.
             Quit the game on level 1 of the Dungeon.
             The game lasted 00:00:22 (230 turns).

Gadfly the Trooper (Demonspawn Monk)                 Turns: 230, Time: 00:00:23

Health: 14/24      AC:  2    Str: 11    XL:     2   Next: 3%
Magic:  2/2        EV: 13    Int: 10    God:
Gold:   10         SH:  0    Dex: 15    Spells: 1/1 levels left

rFire   . .          .
                       - Unarmed
rCold   . . .        c - orb {light}
rNeg    + . .        a - +0 robe
rPois   .            (no helmet)
rElec   .            (no cloak)
rCorr   .            (no gloves)
SInv    .            (no boots)
Will    .....        (no amulet)
Stlth   +            e - ring of positive energy
HPRegen 0.24/turn    (no ring)
MPRegen 0.08/turn

%: no passive effects
@: glowing
A: demonic magic 1
a: no special abilities


You were on level 1 of the Dungeon.
You visited 1 branch of the dungeon, and saw 1 of its levels.

You collected 10 gold pieces.

Inventory:

Armour
 a - a +0 robe (worn)
 c - an orb of light (worn)
Jewellery
 e - a ring of positive energy (left hand)
Scrolls
 d - a scroll of enchant weapon {unknown}
Potions
 b - a potion of ambrosia
 f - a potion of heal wounds {unknown}


   Skills:
 - Level 3.0 Fighting
 + Level 2.7 Dodging
 * Level 2.8 Unarmed Combat
 * Level 0.7 Evocations
 * Level 0.5 Shapeshifting


You had one spell level left.
You didn't know any spells.
Your spell library was empty.

Dungeon Overview and Level Annotations

Branches:
Dungeon (1/15)

Altars:


Innate Abilities, Weirdness & Mutations

Spells you cast may paralyse adjacent enemies.


Message History

The bat closely misses you. The bat misses you.
The goblin hits you with a +0 club.
You closely miss the bat.
The bat is heavily wounded.
The bat hits you but does no damage. The goblin completely misses you.
The goblin hits you with a +0 club.
You barely miss the goblin. The goblin hits you with a +0 club.
The goblin barely misses you. The bat closely misses you.
You are too injured to fight recklessly!
You are too injured to fight recklessly!
You are too injured to fight recklessly!
You are too injured to fight recklessly!
You are too injured to fight recklessly!
You are too injured to fight recklessly!
You are too injured to fight recklessly!
You are too injured to fight recklessly!
You are too injured to fight recklessly!
You are too injured to fight recklessly!
You are too injured to fight recklessly!
You are too injured to fight recklessly!
You are too injured to fight recklessly!
You are too injured to fight recklessly!
You are too injured to fight recklessly!
You are too injured to fight recklessly!
You are too injured to fight recklessly!
Unknown command.
The bat hits you but does no damage. x2
You barely miss the bat.
The bat is heavily wounded.
The bat closely misses you.
You hit the goblin.
The goblin is heavily wounded.
The goblin barely misses you.
You hit the goblin.
You kill the goblin!
The bat hits you but does no damage.
You have reached level 2!
Your demonic ancestry asserts itself...
A menacing aura infuses your magic.
Are you sure you want to abandon this character and quit the game? (Confirm with "yes".)

......... .........
....?...$ ##.........
#..#.[..... .. ##.#
....... ....
####..##b......
#...####.....@)......( ##
#........#).###g......
..##.........)......####.
#...........#.#######
.............###
#.............##
.##................#
....................
#....†....####......


You could see a goblin and a bat.

Vanquished Creatures
  A bat (D:1)
  An endoplasm (D:1)
  A giant cockroach (D:1)
  2 goblins (D:1)
  A hobgoblin (D:1)
  A kobold (D:1)
7 creatures vanquished.

Notes
Turn   | Place    | Note
-------+----------+-------------------------------------------
     0 | D:1      | Gadfly the Demonspawn Monk began the quest for the Orb.
     0 | D:1      | Reached XP level 1. HP: 18/18 MP: 1/1
   230 | D:1      | Gained mutation: Spells you cast may paralyse adjacent
                  | enemies. [demonic ancestry]
   230 | D:1      | Reached XP level 2. HP: 14/24 MP: 2/2
   230 | D:1      | Quit the game

Illustrated notes

Levels and vault maps discovered:
D:1:      dpeg_arrival_rooms_a, layout_rooms, minmay_stone_trees_small,
          nrook_loot_triangle

Action                     || total
---------------------------++-------
  Melee: Unarmed           ||    25
 Armour: Robe              ||    18
  Dodge: Dodged            ||    28
